Map: Whispers of Gold

Players

mozzy

  • Race: Terran Terran
  • League: Master
  • Spawn Location: 9:00

WeAreLegion - Winner!

  • Race: Terran Terran
  • League: Silver
  • Spawn Location: 5:00

VOD

Have the link to the VOD?

Description

Time

  • Played on: Dec. 12, 2024, 8:45 p.m.
  • Length: 12:03
Show
View Real Time Build Order
Export as new Build Order

mozzy Terran 

Build Orders:  

Get SALT Encoding   

  12  0:00  SCV  
  13  0:13  SCV  
  14  0:25  Supply Depot, SCV  
  15  0:33  Refinery  
  15  0:47  SCV  
  16  0:51  Barracks  
  16  0:59  SCV  
  17  1:11  SCV  
  17  1:12  Barracks  
  18  1:23  SCV, Refinery  
  19  1:35  SCV  
  19  1:37  Supply Depot  
  20  1:44  Reaper  
  21  1:47  SCV  
  22  1:59  SCV  
  23  2:11  Reaper  
  24  2:19  Factory  
  24  2:24  Reaper  
  25  2:33  SCV  
  25  2:36  Supply Depot  
  26  2:42  Engineering Bay  
  26  2:45  SCV  
  26  2:48  Reaper  
  28  2:57  SCV  
  29  3:06  Factory Tech Lab  
  29  3:12  SCV, Starport  
  30  3:13  Starport  
  27  4:06  SCV  
  28  4:15  Command Center  
  28  4:17  Starport Reactor  
  28  4:18  SCV  
  28  4:20  Starport Tech Lab  
  29  4:24  Barracks Reactor  
  29  4:30  SCV  
  30  4:33  Supply Depot, Siege Tank  
  30  4:35  Barracks Tech Lab  
  33  4:43  SCV  
  34  4:55  SCV  
  35  5:07  SCV  
  35  5:26  Bunker  
  35  5:29  Siege Tank  
  38  5:37  Viking x3  
  44  5:43  Marine x3  
  47  6:00  Marine, Bunker  
  47  6:01  Marine x2  
  47  6:02  Siege Tank  
  53  6:05  Refinery  
  53  6:16  Armory  
  53  6:18  Marine  
  53  6:20  Marine  
  53  6:21  Marine  
  56  6:30  Banshee  
  59  6:36  Marine, Cloaking Field  
  59  6:38  Marine x2  
  62  6:55  Marine  
  62  6:56  Marine  
  62  7:19  Supply Depot  
  62  7:27  Supply Depot  
  62  7:39  Supply Depot  
  62  7:41  Raven  
  64  7:49  SCV  
  64  7:50  SCV  
  66  8:01  SCV  
  66  8:02  SCV  
  67  8:14  SCV  
  69  8:23  Orbital Command  
  68  8:28  Missile Turret  
  68  8:43  Refinery  
  68  8:49  Missile Turret  
  68  8:50  Viking  
  68  8:51  Viking  
  72  8:57  Marine x3  
  72  9:02  SCV  
  76  9:07  SCV  
  77  9:14  SCV, Marine, Missile Turret  
  79  9:19  SCV, Marine x2  
  79  9:20  Viking  
  84  9:32  Marine, Sensor Tower  
  84  9:37  Marine, Missile Turret  
  86  9:45  Fusion Core  
  86  9:48  Supply Depot  
  86  9:57  Orbital Command  
  86  10:09  Marine x2, Banshee  
  86  10:10  SCV  
  86  10:11  Supply Depot  
  92  10:22  SCV  
  93  10:34  Supply Depot  
Show
View Real Time Build Order
Export as new Build Order

WeAreLegion Terran - Winner!

Build Orders: Reaper Expand 

Get SALT Encoding   

  12  0:00  SCV  
  13  0:12  SCV  
  14  0:19  Supply Depot  
  14  0:32  SCV  
  15  0:43  Barracks  
  15  0:44  SCV  
  15  0:47  Refinery  
  16  0:59  SCV  
  17  1:11  SCV  
  18  1:23  SCV  
  19  1:37  Orbital Command  
  19  1:38  Reaper  
  20  1:56  Supply Depot  
  20  1:57  Command Center  
  20  2:04  SCV  
  20  2:13  Factory  
  20  2:21  Marine  
  21  2:26  SCV  
  21  2:27  Refinery  
  22  2:38  SCV  
  22  2:39  Barracks Reactor  
  23  2:59  Starport  
  23  3:01  Hellion  
  25  3:07  SCV  
  25  3:10  Orbital Command  
  26  3:19  SCV, Marine x2  
  29  3:31  SCV  
  30  3:37  Marine  
  26  4:07  Widow Mine, Medivac  
  30  4:10  Marine x2  
  30  4:11  SCV x2  
  34  4:23  SCV x2  
  36  4:26  Barracks  
  36  4:27  Barracks  
  36  4:30  Engineering Bay  
  36  4:32  Supply Depot  
  36  4:33  Marine x2  
  36  4:35  SCV x2  
  36  4:38  Widow Mine  
  42  4:47  SCV  
  42  4:51  SCV  
  44  4:59  SCV  
  44  5:12  Marine x2  
  46  5:15  Starport Tech Lab  
  46  5:16  Barracks Tech Lab, Barracks Reactor  
  46  5:17  Factory Tech Lab  
  46  5:18  SCV  
  46  5:19  SCV  
  48  5:29  Marine  
  48  5:30  Marine  
  48  5:31  SCV x2  
  52  5:43  SCV x2  
  52  5:44  Refinery  
  52  5:46  Refinery  
  54  6:01  Missile Turret  
  54  6:03  Marine  
  54  6:04  Missile Turret  
  54  6:09  Missile Turret  
  54  6:16  Supply Depot  
  54  6:20  Supply Depot, SCV x2, Marine x2, Siege Tank  
  54  6:21  Marine  
  62  6:29  Missile Turret  
  62  6:38  Raven, SCV x2, Marine x4  
  70  6:42  Marine  
  69  7:06  SCV x2  
  69  7:08  Marine x2  
  71  7:18  SCV x2  
  73  7:23  Marine x3  
  73  7:28  Terran Infantry Weapons Level 1, Command Center  
  76  7:31  Interference Matrix  
  76  7:32  Raven  
  76  7:33  Stimpack  
  78  7:41  Barracks  
  78  7:42  Barracks  
  78  7:43  Supply Depot  
  78  7:44  Supply Depot  
  78  7:47  Marine  
  78  7:48  SCV x2, Marauder  
  83  8:00  SCV x2  
  85  8:09  Marauder  
  87  8:13  Siege Tank  
  90  8:28  Supply Depot  
  90  8:30  Supply Depot  
  90  8:38  Barracks Tech Lab  
  90  8:39  Marine  
  90  8:40  Marine x4, Barracks Reactor  
  95  8:45  Siege Tank  
  98  8:50  Supply Depot  
  98  8:55  SCV  
  98  8:56  SCV  
  98  8:57  Marine  
  98  8:58  Marine x3, Marauder  
  106  9:08  SCV x2  
  108  9:10  Starport Reactor  
  108  9:15  Marine, Barracks  
  108  9:16  Marine  
  109  9:20  SCV, Marauder  
  112  9:31  Supply Depot  
  112  9:34  Supply Depot  
  112  9:35  Terran Infantry Armor Level 1  
  112  9:37  Combat Shield  
  112  9:38  Concussive Shells  
  112  9:39  Marine x2  
  112  9:40  Marine x2  
  112  9:41  Marauder  
  118  9:45  Medivac  
  118  9:46  Medivac  
  122  9:56  Supply Depot  
  122  9:57  Marine x3  
  122  9:59  Supply Depot, Marine  
  126  10:02  Siege Tank, Marauder  
  131  10:15  Marine x3, Medivac  
  131  10:17  Marine  
  137  10:24  Marauder  
  136  10:45  Marauder  
Tags
 
Matchup
TvT
Race
Terran
Replay Pack
December
Spawn Locations
Cross Positions
Add a new tag
Caveats
  • Supply blocks, unpowered buildings, or Contaminate may cause inaccurate times.
  • Supply counts are checked every 10 seconds.